 Dungeon Crawl Stone Soup version 0.19.5 (webtiles) character file.

877 galech the Cudgeler (level 8, -3/83 HPs)
             Began as an Ogre Fighter on Mar 22, 2017.
             Was an Initiate of Makhleb.
             Slain by a sky beast (6 damage)
             ... on level 6 of the Dungeon.
             The game lasted 00:07:48 (5324 turns).

galech the Cudgeler (Ogre Fighter)                  Turns: 5324, Time: 00:07:49

Health: -3/83      AC:  3    Str: 24    XL:     8   Next: 4%
Magic:  8/8        EV: 10    Int:  7    God:    Makhleb [......]
Gold:   239        SH:  9    Dex:  9    Spells: 0 memorised, 7 levels left

rFire  . . .     SeeInvis .     h - +0 mace (crush)
rCold  + . .     Gourm    .     b - +0 robe
rNeg   . . .     Faith    .     c - +0 shield
rPois  .         Spirit   .     (helmet restricted)
rElec  .         Reflect  .     (no cloak)
rCorr  .         Harm     .     (gloves unavailable)
MR     .....                    (boots unavailable)
Stlth  +.........               (no amulet)
                                z - ring of protection from fire
                                v - ring of ice

@: no status effects
A: unfitting armour, tough skin 1
a: Renounce Religion


You were on level 6 of the Dungeon.
You worshipped Makhleb.
Makhleb was noncommittal.
You were very hungry.

You visited 2 branches of the dungeon, and saw 7 of its levels.

You collected 239 gold pieces.

Inventory:

Hand Weapons
 a - a +0 flail
 h - a +0 mace of crushing (weapon)
 F - a +0 giant club
Armour
 b - a +0 robe (worn)
 c - a +0 shield (worn)
 d - a +0 pair of gloves
Jewellery
 v - a ring of ice (left hand)
 z - a ring of protection from fire (right hand)
Wands
 A - a wand of acid (7/15)
Scrolls
 e - 2 scrolls of remove curse {unknown}
 j - 3 scrolls of identify {unknown}
 l - a scroll of teleportation
 n - a scroll of magic mapping {unknown}
 o - a scroll of fear {unknown}
 p - 2 scrolls of immolation {unknown}
 q - a scroll of recharging {unknown}
 w - 2 scrolls of noise
 y - a scroll of amnesia {unknown}
 E - a scroll of enchant weapon {unknown}
Potions
 g - a potion of resistance {unknown}
 m - 2 potions of brilliance
 r - 2 potions of curing
 t - 2 potions of cancellation {unknown}
 u - a potion of agility {unknown}
 x - a potion of haste {unknown}
 B - a potion of beneficial mutation {unknown}
 C - a potion of lignification {unknown}
 D - a potion of heal wounds {unknown}
Comestibles
 f - 8 bread rations
 i - 3 meat rations
 k - 8 fruits


   Skills:
 + Level 6.3 Fighting
 + Level 7.2 Maces & Flails
 + Level 4.7 Dodging
 + Level 1.4 Stealth
 + Level 4.2 Shields


You had 7 spell levels left.
You didn't know any spells.

Dungeon Overview and Level Annotations

Branches:
Dungeon (6/15)             Temple (1/1) D:5

Altars:
Gozag
Makhleb
Sif Muna
Uskayaw
Xom
Zin

Annotations:
D:5 1 runed door


Innate Abilities, Weirdness & Mutations

You are too large for most types of armour.
You have tough skin. (AC +1)


Message History

The sky beast flickers out of sight!
Deactivating autopickup; reactivate with Ctrl-A.
Something hits you but does no damage.
You hit something but do no damage. Something hits you.
* * * LOW HITPOINT WARNING * * *
Something shocks you.
* * * LOW HITPOINT WARNING * * *
Something hits you.
* * * LOW HITPOINT WARNING * * *
Something shocks you.
* * * LOW HITPOINT WARNING * * *
It was a potion of curing.
You feel better. Something hits you.
* * * LOW HITPOINT WARNING * * *
Something shocks you.
* * * LOW HITPOINT WARNING * * *
Your shield prevents you from hitting something.
Something hits you.
* * * LOW HITPOINT WARNING * * *
Something shocks you.
You die...

# #.####
#..@<#
#...{....#
#.####...#
#. .#.# .
. .. ## #Y
## .. ##


There were no monsters in sight!

Vanquished Creatures
  Eustachio (D:5)
  A sky beast (D:5)
  An ice beast (D:5)
  A phantom (D:5)
  An ogre (D:5)
  A bullfrog (D:6)
  A hound (D:5)
  A bullfrog skeleton (D:5)
  An iguana (D:5)
  An orc wizard (D:5)
  A worker ant (D:5)
  A hound skeleton (D:5)
  A howler monkey zombie (D:6)
  5 adders
  2 oozes
  An adder skeleton (D:4)
  3 worms
  2 dart slugs (D:1)
  6 leopard geckos
  3 orcs
  4 bats
  6 giant cockroaches
  6 goblins
  12 hobgoblins
  3 jackals (D:2)
  3 quokkas
  5 frilled lizards
  A jackal zombie (D:5)
  8 kobolds
  7 rats
90 creatures vanquished.

Notes
Turn   | Place    | Note
-------+----------+-------------------------------------------
     0 | D:1      | galech the Ogre Fighter began the quest for the Orb.
     0 | D:1      | Reached XP level 1. HP: 24/24 MP: 1/1
    97 | D:1      | Reached XP level 2. HP: 33/33 MP: 2/2
   417 | D:1      | Reached XP level 3. HP: 40/40 MP: 3/3
  1004 | D:2      | Reached skill level 3 in Maces & Flails
  1127 | D:2      | Reached XP level 4. HP: 20/49 MP: 4/4
  2406 | D:3      | Reached XP level 5. HP: 52/55 MP: 5/5
  2698 | D:4      | Reached skill level 4 in Maces & Flails
  3185 | D:5      | Entered Level 5 of the Dungeon
  3196 | D:5      | Reached skill level 5 in Fighting
  3281 | D:5      | Found a runed door.
  3282 | D:5      | Found a glowing silver altar of Zin.
  3282 | D:5      | Noticed an angel
  3315 | D:5      | Noticed a sky beast
  3329 | D:5      | Killed a sky beast
  3329 | D:5      | Reached skill level 5 in Maces & Flails
  3329 | D:5      | Reached XP level 6. HP: 34/66 MP: 6/6
  3516 | D:5      | Found a staircase to the Ecumenical Temple.
  3525 | Temple   | Entered the Ecumenical Temple
  3532 | Temple   | Became a worshipper of Makhleb the Destroyer
  3619 | D:5      | Noticed Eustachio
  3626 | D:5      | Reached skill level 1 in Stealth
  3996 | D:5      | Killed Eustachio
  3996 | D:5      | Reached XP level 7. HP: 65/74 MP: 7/7
  4086 | D:5      | Reached skill level 6 in Maces & Flails
  4966 | D:5      | Reached skill level 7 in Maces & Flails
  5299 | D:6      | Reached XP level 8. HP: 80/83 MP: 8/8
  5324 | D:6      | HP: 3/83 [something (3)]
  5324 | D:6      | Slain by a sky beast

Skill      XL: |  1  2  3  4  5  6  7 |
---------------+----------------------+-----
Dodging        | 3 4 |  4.7
Shields        | 3 4 |  4.2
Maces & Flails | 3 5 7 |  7.2
Fighting       | 5 6 |  6.3
Stealth        | 1 |  1.4

Action                   |  1- 3 |  4- 6 |  7- 9 || total
-------------------------+-------+-------+-------++-------
Melee: Flail             |   113 |    64 |       ||   177
       Mace              |       |   127 |    90 ||   217
  Use: Potion            |     3 |     1 |     1 ||     5
       Scroll            |       |     2 |       ||     2
 Stab: Sleeping          |     1 |     1 |       ||     2
  Eat: Chunk             |     1 |     7 |     1 ||     9
       Bread ration      |       |     1 |       ||     1
Armor: Robe              |    35 |    57 |    17 ||   109
Dodge: Dodged            |    65 |    60 |    18 ||   143
Block: Shield            |    70 |    84 |    32 ||   186
